 Dungeon Sprint DCSS version 0.31-a0-1376-g36f0627844 (webtiles) character file.

Game seed: 7063781915685201873

22724 Groucho the Imperceptible (level 12, 79/79 HPs)
             Began as a Felid Berserker on Dec 9, 2023.
             Was a High Priest of Trog.
             Got out of the dungeon alive.
             The game lasted 00:17:52 (3930 turns).

Groucho the Imperceptible (Felid Berserker)         Turns: 3930, Time: 00:17:53

Health: 79/79      AC:  3    Str: 15    XL:     12   Next: 65%
Magic:  13/13      EV: 33    Int: 13    God:    Trog [*****.]
Gold:   1732       SH:  0    Dex: 17    Spells: 11/11 levels left
                                        Lives:  2   Deaths: 0

rFire   + +          .
                       - Unarmed
rCold   . . .        (shield unavailable)
rNeg    . . .        (body armour unavailable)
rPois   +            (helmet unavailable)
rElec   .            (cloak unavailable)
rCorr   .            (gloves unavailable)
SInv    +            (boots unavailable)
Will    +....        m - amulet of the acrobat
Stlth   +++++++++    j - ring "Siaffas" {Fire rPois}
HPRegen 0.33/turn    q - ring of protection from fire
MPRegen 0.13/turn

%: no teleportation, acrobat
@: no status effects
A: very small, claws 1, fangs 3, see invisible, shaggy fur 3, stealthy paws, no
weapons or thrown items, no armour, multi-lived, inhibited regeneration
a: Renounce Religion, Berserk, Trog's Hand, Brothers in Arms


You escaped.
You worshipped Trog.
Trog was extremely pleased with you.
You visited 1 branch You collected 2667 gold pieces.
You spent 935 gold pieces at shops.

Inventory:

Jewellery
 b - a +5 ring of evasion
 j - the ring "Siaffas" (left paw) {Fire rPois}
   (You found it in the Dungeon)

   [ring of fire]

   Fire:      It enhances your fire magic.
   rF+:       It protects you from fire.
   rC-:       It makes you vulnerable to cold.
   rPois:     It protects you from poison
 l - a ring of flight
 m - an amulet of the acrobat (around neck)
 o - a ring of magical power
 q - a ring of protection from fire (right paw)
Wands
 g - a wand of paralysis (13)
 r - a wand of iceblast (6)
Scrolls
 f - a scroll of silence {unknown}
 i - a scroll of fear {unknown}
 k - a scroll of torment {unknown}
 n - a scroll of immolation {unknown}
 p - 4 scrolls of identify {unknown}
 s - a scroll of brand weapon {unknown}
 t - a scroll of vulnerability {unknown}
Potions
 a - 2 potions of curing
 c - a potion of haste
 d - 2 potions of magic
 e - 2 potions of berserk rage
 h - a potion of brilliance {unknown}


   Skills:
 + Level 16.9 Fighting
 + Level 21.3 Dodging
 - Level 24.0 Stealth
 + Level 16.7 Unarmed Combat


You had 11 spell levels left.
You didn't know any spells.
Your spell library was empty.

Dungeon Overview and Level Annotations

Branches:
Dungeon (1/1)

Altars:
Cheibriados
Dithmenos
Elyvilon
Fedhas
Gozag
Hepliaklqana
Kikubaaqudgha
Makhleb
Nemelex Xobeh
Okawaru
Qazlal
Ru
Sif Muna
Trog
Uskayaw
Vehumet
Wu Jian
Xom
Yredelemnul
Zin
The Shining One
Jiyva
Lugonu

Shops:
D [([[[?[*=*[?=*:*[*:[:(

Annotations:
D 2 exclusions


Innate Abilities, Weirdness & Mutations

You have sharp claws.
You have razor-sharp teeth.
You have supernaturally acute eyesight. (SInv)
Your thick and shaggy fur keeps you warm. (AC +3, rC+)
Your paws help you pounce on unaware monsters.
You are incapable of wielding weapons or throwing items.
You cannot wear armour.
You gain extra lives every three experience levels.
You do not regenerate when monsters are visible.


Message History

You see here a book of Debilitation.
You now have 1651 gold pieces (gained 27).
You see here a book of Debilitation.
You now have 1678 gold pieces (gained 27).
You now have 1705 gold pieces (gained 27).
You now have 1732 gold pieces (gained 27).
Press: ? - help, v - describe, . - travel, g - get item Item here: the Orb of Zot.
The floor.
Unknown command.
Level annotation: 2 exclusions Welcome back, Groucho the Felid Berserker. [Dungeon Sprint] Trog says: Kill them all!
Press ? for a list of commands and other information.
Items here: )) ÷÷.
You see here a +4 great sword of flaming.
Things that are here:
a +1 great sword of flaming; a fire giant skeleton
There is an open door here.
Unknown command.
The daeva shouts!
The daeva calls down the wrath of the Shining One upon you.
The Shining One smites you!
There is an open door here.
Okay, then.
There is an open door, spattered with blood here.
There is an open door here.
There is an open door here.
There is an open door here.
There is an open door here.
There is an open door here.
There is an open door here.
There is an open door here.
HP restored.
There is an open door here.
Things that are here:
a +0 leather armour; a +0 club
There is an open door here.
There is a staircase leading out of the dungeon here.
You have escaped!

##################
#@.#..'..#.['..#__
#..'[.#.)'..#..'..
#..#####+#####'#__
#..####..#...#[###
#..#__####..##.#~§
#..#_____##'#_.'§~
#⌠⌠#_.∩...'..._#~§
####_..__##_.#'##'
#_____###'#.#..


There were no monsters in sight!

Vanquished Creatures
  A fire giant (D)
  A lorocyproca (D)
  2 centaur warriors (D)
  A hydra (D)
  Sonja (D)
  A deep troll (D)
  A lindwurm (D)
  An oklob plant (D)
  2 kobold demonologists (D)
  6 unseen horrors (D)
  A gargoyle (D)
  A hornet (D)
  4 glass eyes (D)
  Sigmund (D)
  A slime creature (D)
  A yak (D)
  13 hogs (D)
  2 redbacks (D)
  An ogre (D)
  7 necrophages (D)
  8 jellies (D)
  Ijyb (D)
  A ballistomycete spore (D)
59 creatures vanquished.

Vanquished Creatures (collateral kills)
  A golden dragon (D)
  A shadow dragon (D)
  3 fire giants (D)
  4 demonic crawlers (D)
  8 shining eyes (D)
  3 glass eyes (D)
20 creatures vanquished.

Vanquished Creatures (others)
  A ballistomycete spore (D)
1 creature vanquished.

Grand Total: 80 creatures vanquished

Notes
Turn   | Place    | Note
-------+----------+-------------------------------------------
     0 | D        | Groucho the Felid Berserker began the quest for the Orb.
     0 | D        | Reached XP level 1. HP: 12/12 MP: 2/2
     2 | D        | Noticed Ijyb
    10 | D        | Killed Ijyb
    11 | D        | Reached skill level 8 in Stealth
    11 | D        | Reached XP level 2. HP: 16/16 MP: 3/3
    47 | D        | Noticed an ogre
    49 | D        | Killed an ogre
    50 | D        | Reached skill level 12 in Stealth
    50 | D        | Reached XP level 3. HP: 20/20 MP: 4/4
    50 | D        | Reached XP level 4. HP: 24/24 MP: 5/5
    64 | D        | Noticed Sigmund
    67 | D        | Killed Sigmund
    67 | D        | Reached ** piety under Trog
    68 | D        | Reached skill level 17 in Stealth
    68 | D        | Reached XP level 5. HP: 28/28 MP: 6/6
    68 | D        | Gained mutation: You are covered in thick fur. (AC +2)
                  | [Felid growth]
    68 | D        | Reached XP level 6. HP: 32/32 MP: 7/7
    80 | D        | Found a shimmering blue altar of Sif Muna.
    81 | D        | Found an ornate altar of the Wu Jian Council.
    82 | D        | Found a radiant altar of Vehumet.
    88 | D        | Found Coylut's Armour Emporium.
    88 | D        | Found an ancient bone altar of Kikubaaqudgha.
    88 | D        | Found a hazy altar of Hepliaklqana.
    88 | D        | Found a stormy altar of Qazlal.
    88 | D        | Found a hide-covered altar of Uskayaw.
    88 | D        | Found a blossoming altar of Fedhas.
    88 | D        | Found a bloodstained altar of Trog.
    88 | D        | Found an iron altar of Okawaru.
    88 | D        | Found a basalt altar of Yredelemnul.
    88 | D        | Found a glowing golden altar of the Shining One.
    88 | D        | Found a snail-covered altar of Cheibriados.
    88 | D        | Found a sacrificial altar of Ru.
    88 | D        | Found a glowing silver altar of Zin.
    88 | D        | Found a shadowy altar of Dithmenos.
    88 | D        | Found a white marble altar of Elyvilon.
    88 | D        | Noticed a yak
    98 | D        | Killed a yak
    99 | D        | Reached skill level 19 in Stealth
    99 | D        | Found an opulent altar of Gozag.
   100 | D        | Found a sparkling altar of Nemelex Xobeh.
   166 | D        | Found a burning altar of Makhleb.
   166 | D        | Found a shimmering altar of Xom.
   166 | D        | Noticed a slime creature
   167 | D        | Found a viscous altar of Jiyva.
   167 | D        | Found a corrupted altar of Lugonu.
   169 | D        | Killed a slime creature
   170 | D        | Reached skill level 20 in Stealth
   170 | D        | Reached XP level 7. HP: 36/36 MP: 8/8
   193 | D        | Noticed a centaur warrior
   197 | D        | Noticed a centaur warrior
   198 | D        | Killed a centaur warrior
   198 | D        | Reached *** piety under Trog
   199 | D        | Reached skill level 5 in Fighting
   199 | D        | Reached skill level 21 in Stealth
   199 | D        | Reached skill level 5 in Unarmed Combat
   199 | D        | Reached XP level 8. HP: 44/44 MP: 9/9
   199 | D        | Killed a centaur warrior
   200 | D        | Reached skill level 22 in Stealth
   209 | D        | Noticed a hornet
   211 | D        | Paralysed by a hornet for 1 turns
   214 | D        | Paralysed by a hornet for 2 turns
   219 | D        | Killed a hornet
   220 | D        | Reached XP level 9. HP: 5/50 MP: 10/10
   221 | D        | HP: 2/50 [poisoned by a hornet]
   900 | D        | Noticed an oklob plant
   902 | D        | Killed an oklob plant
   903 | D        | Reached skill level 10 in Dodging
   911 | D        | Reached **** piety under Trog
   912 | D        | Reached skill level 23 in Stealth
   940 | D        | Noticed an unseen horror
   941 | D        | Noticed an unseen horror
   962 | D        | Killed an unseen horror
   972 | D        | Killed an unseen horror
  1295 | D        | Reached ***** piety under Trog
  1573 | D        | Reached ****** piety under Trog
  1574 | D        | Reached XP level 10. HP: 58/58 MP: 11/11
  1587 | D        | Identified the ring "Siaffas" {Fire rPois}
  1597 | D        | Found Icucs's General Store.
  1597 | D        | Found Ulapet's Armour Shop.
  1597 | D        | Found Vaugiff's Jewellery Boutique.
  1599 | D        | Found Quepraipn's Assorted Antiques.
  1599 | D        | Found Gacoan's Antique Armour Shop.
  1599 | D        | Found Aklitaa's Magic Scroll Shoppe.
  1599 | D        | Found Bytwe's Jewellery Boutique.
  1599 | D        | Found Soskenol's Assorted Antiques.
  1599 | D        | Found Noger's Book Shop.
  1599 | D        | Found Ytaga's General Store.
  1603 | D        | Found Bibraas's Armour Boutique.
  1604 | D        | Found Botyis's Book Emporium.
  1604 | D        | Found Imikhyro's General Store.
  1605 | D        | Found Hiqich's Book Emporium.
  1622 | D        | Bought a ring of flight for 175 gold pieces
  1630 | D        | Bought an amulet of the acrobat for 300 gold pieces
  1681 | D        | Noticed a deep troll
  1683 | D        | Killed a deep troll
  1684 | D        | Reached skill level 10 in Fighting
  1684 | D        | Reached skill level 10 in Unarmed Combat
  1694 | D        | Noticed Sonja
  1697 | D        | Killed Sonja
  1698 | D        | Reached skill level 24 in Stealth
  1716 | D        | Found Iciserit's Armour Emporium.
  1738 | D        | Found Diofi's Antique Armour Boutique.
  1795 | D        | Noticed a demonic crawler
  1795 | D        | Noticed a demonic crawler
  1795 | D        | Noticed a demonic crawler
  1795 | D        | Noticed a demonic crawler
  1799 | D        | Killed a demonic crawler
  1801 | D        | Killed a demonic crawler
  1802 | D        | Reached skill level 15 in Dodging
  1802 | D        | Killed a demonic crawler
  1803 | D        | Killed a demonic crawler
  1804 | D        | Reached XP level 11. HP: 63/66 MP: 12/12
  1928 | D        | Noticed a lindwurm
  1932 | D        | Killed a lindwurm
  2082 | D        | Bought a ring of protection from fire for 250 gold pieces
  2083 | D        | Bought a long iron wand for 80 gold pieces
  2169 | D        | Noticed a shining eye
  2169 | D        | Noticed a shining eye
  2169 | D        | Noticed a shining eye
  2169 | D        | Noticed a shining eye
  2169 | D        | Noticed a shining eye
  2169 | D        | Noticed a shining eye
  2171 | D        | Gained mutation: You do not regenerate when monsters are
                  | visible. [a shining eye]
  2171 | D        | Killed a shining eye
  2174 | D        | Killed a shining eye
  2174 | D        | Killed a shining eye
  2175 | D        | Killed a shining eye
  2177 | D        | Killed a shining eye
  2177 | D        | Killed a shining eye
  2178 | D        | Noticed a shining eye
  2178 | D        | Noticed a shining eye
  2183 | D        | Killed a shining eye
  2185 | D        | Killed a shining eye
  2188 | D        | Found Leenneed's Antique Armour Shop.
  2188 | D        | Found Olyurucito's Antique Weapon Shoppe.
  2188 | D        | Found Necyats's Magic Scroll Boutique.
  2188 | D        | Found Mudwepte's Armour Emporium.
  2475 | D        | Noticed a 12-headed hydra
  2477 | D        | Killed a 12-headed hydra
  2540 | D        | Noticed a shadow dragon
  2540 | D        | Noticed a golden dragon
  2547 | D        | Killed a shadow dragon
  2548 | D        | Reached skill level 15 in Fighting
  2548 | D        | Reached skill level 15 in Unarmed Combat
  2548 | D        | Gained mutation: Your thick and shaggy fur keeps you warm.
                  | (AC +3, rC+) [Felid growth]
  2548 | D        | Reached XP level 12. HP: 65/77 MP: 13/13
  2550 | D        | Killed a golden dragon
  2622 | D        | Found Josagh's Antique Weapon Shoppe.
  2716 | D        | Bought a potion of resistance for 130 gold pieces
  2785 | D        | Noticed a lorocyproca
  2837 | D        | Killed a lorocyproca
  3103 | D        | Noticed a daeva
  3113 | D        | HP: 3/77 [daeva/divine providence (16)]
  3581 | D        | Noticed a fire giant
  3584 | D        | Noticed a fire giant
  3585 | D        | Noticed a fire giant
  3586 | D        | Noticed a fire giant
  3588 | D        | Killed a fire giant
  3596 | D        | Killed a fire giant
  3598 | D        | Killed a fire giant
  3601 | D        | Killed a fire giant
  3871 | D        | Upgraded the game from 0.31-a0-1163-gcee99d1eea to
                  | 0.31-a0-1376-g36f0627844
  3930 | D        | Got out of the dungeon alive.

Illustrated notes

Levels and vault maps discovered:
D:        dungeon_sprint_1 [red_sonja_temple_1, red_sonja_temple_small_1]

Skill      XL: |  1  2  3  4  5  6  7  8  9 10 11 12 |
---------------+-------------------------------------+-----
Stealth        | 8 12 17 20 21 22 23 24 | 24.0
Fighting       | 5 7 9 12 15 16 | 16.9
Dodging        | 7 9 12 15 19 21 | 21.3
Unarmed Combat | 5 7 9 12 15 16 | 16.7

Action                     |  1- 3 |  4- 6 |  7- 9 | 10-12 || total
---------------------------+-------+-------+-------+-------++-------
  Melee: Unarmed           |     6 |    11 |    46 |    84 ||   147
         Punch             |       |     1 |     2 |     4 ||     7
         Bite              |       |       |     6 |    15 ||    21
 Invoke: Berserk           |     1 |     1 |     3 |     3 ||     8
         Trog's Hand       |       |     1 |     2 |     4 ||     7
         Brothers in Arms  |       |       |       |    11 ||    11
    Use: Scroll            |       |       |     1 |     1 ||     2
         Potion            |       |       |     1 |     3 ||     4
   Stab: Sleeping          |     2 |     3 |    17 |    16 ||    38
         Distracted        |       |       |       |     2 ||     2
 Armour: Skin              |     1 |     3 |    19 |    18 ||    41
  Dodge: Dodged            |     2 |     4 |    47 |    98 ||   151

Table legend: (Time is in decaauts)
 A = Elapsed time spent in this place.
 B = Non-inter-level travel time spent in this place.
 C = Inter-level travel time spent in this place.
 D = Time resting spent in this place.
 E = Time spent auto-exploring this place.
 F = Levels seen in this place.
 G = Mean time per level.
                   A        B        C        D        E       F      G
               +--------+--------+--------+--------+--------+-----+--------+
         Total |   3965 |   3642 |    323 |   2543 |     10 |   1 | 3965.0 |
       Dungeon |   3965 |   3642 |    323 |   2543 |     10 |   1 | 3965.0 |
               +--------+--------+--------+--------+--------+-----+--------+

Top non-repeatable levels by time:
       D: 3965 daAuts
